AoeStats
← Dong Quixote

Highland

506021358Analyzed
2v2 RM · 22d ago on Sep 12, 2026· 83m 37s· 4 players
Game mode
Random Map
Map size
Medium (4 player)
Population
200
Speed
Normal
Resources
Standard
Victory
Conquest
Starting age
Dark Age
Ending age
Imperial Age
RankedLock teamsTeams togetherTeam positionsShared explorationLock speedFull tech treeHidden civsTurbo modeCheats
Victory
Defeat
🇺🇸 Tatars · United States
918
+17
🇺🇸 Malians · United States
916
+17
🇻🇳 Mongols · Vietnam
967
-18
🇪🇨 Cumans · Ecuador
923
-16
ConcernedSauce
8:19 Loom
10:06 Feudal Age
13:34 Double-Bit Axe
22:11 Castle Age
20:48 Horse Collar
23:51 Scale Barding Armor
24:01 Bloodlines
24:34 Heavy Plow
28:15 Chain Barding Armor
30:32 Husbandry
33:38 Wheelbarrow
41:27 Imperial Age
42:54 Plate Barding Armor
42:58 Conscription
42:55 Bow Saw
43:32 Crop Rotation
43:12 Fletching
43:24 Padded Archer Armor
42:54 Heavy Camel Rider
44:03 Bodkin Arrow
45:29 Hand Cart
46:04 Leather Archer Armor
46:34 Bracer
46:47 Silk Armor
48:06 Ring Archer Armor
49:34 Chemistry
51:30 Heavy Cavalry Archer
58:19 Elite Skirmisher
60:32 Forging
62:03 Caravan
62:46 Ballistics
63:25 Iron Casting
67:35 Sappers
73:40 Light Cavalry
78:24 Hussar
Dong Quixote
6:48 Loom
10:27 Feudal Age
19:03 Castle Age
17:01 Man-at-Arms
18:33 Scale Mail Armor
21:22 Double-Bit Axe
21:05 Long Swordsman
22:24 Forging
23:04 Bloodlines
22:52 Gold Mining
23:36 Bow Saw
23:16 Horse Collar
26:13 Wheelbarrow
25:34 Stone Mining
26:30 Gold Shaft Mining
27:16 Arson
30:53 Chain Mail Armor
31:14 Iron Casting
31:00 Hand Cart
33:08 Fletching
34:58 Bodkin Arrow
37:05 Padded Archer Armor
38:32 Stone Shaft Mining
37:31 Light Cavalry
38:43 Elite Skirmisher
39:33 Thumb Ring
39:47 Leather Archer Armor
42:54 Imperial Age
44:19 Conscription
44:41 Ring Archer Armor
44:43 Plate Mail Armor
44:39 Devotion
48:15 Crossbowman
49:35 Two-Handed Swordsman
50:20 Squires
49:50 Capped Ram
52:11 Ballistics
52:53 Chemistry
51:49 Two-Handed Swordsman
52:44 Champion
62:08 Scale Barding Armor
61:57 Town Watch
62:49 Bow Saw
76:06 Hoardings
74:55 Heavy Camel Rider
75:37 Husbandry
78:17 Farimba
79:48 Chain Barding Armor
MonoFete
12:43 Feudal Age
17:41 Double-Bit Axe
20:16 Castle Age
18:32 Horse Collar
19:44 Gold Mining
24:06 Wheelbarrow
27:45 Imperial Age
26:27 Bow Saw
28:09 Gold Shaft Mining
28:17 Bloodlines
29:02 Thumb Ring
29:22 Conscription
29:57 Steppe Husbandry
30:00 Fletching
30:11 Padded Archer Armor
31:29 Bodkin Arrow
31:50 Leather Archer Armor
33:24 Chemistry
35:52 Ballistics
36:14 Ring Archer Armor
35:45 Murder Holes
38:19 Scale Barding Armor
42:52 Elite Kipchak
44:16 Chain Barding Armor
46:15 Masonry
47:15 Cavalier
58:55 Plate Barding Armor
58:34 Forging
66:40 Caravan
67:05 Paladin
FUnny
5:05 Loom
9:53 Feudal Age
10:47 Double-Bit Axe
12:30 Horse Collar
16:09 Scale Barding Armor
22:24 Castle Age
21:00 Gold Mining
21:41 Forging
23:49 Bow Saw
24:39 Gold Shaft Mining
24:58 Fletching
26:19 Stone Mining
27:17 Pikeman
32:40 Ballistics
33:22 Stone Shaft Mining
34:17 Bodkin Arrow
35:45 Padded Archer Armor
37:17 Leather Archer Armor
41:23 Imperial Age
41:31 Imperial Age
41:23 Wheelbarrow
43:27 Conscription
43:08 Bracer
43:41 Chain Barding Armor
43:57 Iron Casting
45:20 Caravan
46:01 Hand Cart
45:52 Light Cavalry
46:43 Bloodlines
46:35 Husbandry
47:38 Blast Furnace
47:59 Hussar
50:24 Chemistry
52:40 Elite Mangudai
53:44 Drill
52:52 Heavy Scorpion
52:54 Capped Ram
54:13 Elite Mangudai
58:45 Parthian Tactics
60:02 Town Watch
63:31 Siege Ram
79:32 Siege Engineers
81:33 Onager
Connection lost

Rejoining the realm…

Still unreachable

The connection could not be restored.

Session expired

The server has moved on; the page needs a fresh start.